 Dungeon Crawl Stone Soup version 0.29-a0-520-gc852659d43 (webtiles) character file.

Game seed: 420450266982595146

201 Nedwor the Cutter (level 5, 0/43 HPs)
             Began as a Merfolk Fighter on May 31, 2022.
             Slain by a goblin
             ... wielding a +0 dagger
             ... led by Robin
              (2 damage)
             ... on level 2 of the Dungeon.
             The game lasted 00:01:51 (1504 turns).

Nedwor the Cutter (Merfolk Fighter)                 Turns: 1504, Time: 00:01:52

Health: 0/43       AC:  6    Str: 19    XL:     5   Next: 79%
Magic:  5/5        EV:  9    Int:  7    God:
Gold:   38         SH:  4    Dex: 13    Spells: 4/4 levels left

rFire   . . .      SeeInvis .   a - +0 rapier
rCold   . . .      Faith    .   c - +0 buckler
rNeg    . . .      Spirit   .   b - +0 scale mail
rPois   .          Reflect  .   (no helmet)
rElec   .          Harm     .   (no cloak)
rCorr   .          Rampage  .   (no gloves)
Will    .....                   (no boots)
Stlth   ..........              (no amulet)
HPRegen 0.14/turn               (no ring)
MPRegen 0.09/turn               (no ring)

@: no status effects
A: (nimble swimmer 2), mertail
a: no special abilities


You were on level 2 of the Dungeon.
You visited 1 branch of the dungeon, and saw 2 of its levels.

You collected 38 gold pieces.

Inventory:

Hand Weapons
 a - a +0 rapier (weapon)
Armour
 b - a +0 scale mail (worn)
 c - a +0 buckler (worn)
Jewellery
 f - a ring of willpower
 k - a +6 ring of dexterity
 n - a ring of resist corrosion
Scrolls
 g - a scroll of silence {unknown}
 h - 2 scrolls of teleportation {unknown}
 i - a scroll of noise {unknown}
 j - 2 scrolls of identify {unknown}
 l - a scroll of fog {unknown}
 p - a scroll of brand weapon {unknown}
 r - a scroll of poison {unknown}
Potions
 d - 3 potions of might
 e - a potion of haste {unknown}
 m - a potion of heal wounds {unknown}
 o - a potion of degeneration {unknown}
 q - a potion of flight {unknown}
 s - a potion of mutation {unknown}
 t - a potion of lignification {unknown}


   Skills:
 + Level 4.5 Fighting
 * Level 5.7 Short Blades
 - Level 2.1 Armour
 + Level 1.1 Dodging
 + Level 1.0 Stealth
 - Level 3.0 Shields


You had 4 spell levels left.
You didn't know any spells.
Your spell library contained the following spells:

 Spells                   Type           Power      Damage    Failure   Level
 Apportation              Tloc           0%         N/A       88%         1
 Necrotize                Necr           0%         1d4       88%         1
 Slow                     Hex            0%         N/A       88%         1
 Summon Small Mammal      Summ           0%         N/A       88%         1
 Confusing Touch          Hex            0%         N/A       99%         3
 Vampiric Draining        Necr           0%         2d6       99%         3


Dungeon Overview and Level Annotations

Branches:
Dungeon (2/15)

Altars:

Annotations:
D:2 Robin


Innate Abilities, Weirdness & Mutations

((You are very nimble when in or above water. (Stealth+, EV+, Speed+++)))
Your lower body shifts to a powerful aquatic tail in water.


Message History

You hit the goblin.
You kill the goblin!
The goblin closely misses you. The goblin hits you but does no damage.
The goblin barely misses you. The goblin hits you but does no damage.
The bat hits you but does no damage.
You barely miss the bat. The bat barely misses you.
The bat hits you but does no damage. The goblin hits you but does no damage.
The goblin barely misses you. The goblin hits you with a +0 dagger.
A goblin comes into view. It is wielding a +0 club.
The goblin hits you but does no damage.
You barely miss the bat. The bat hits you but does no damage.
The goblin hits you with a +0 club.
* * * LOW HITPOINT WARNING * * *
The goblin hits you with a +0 club.
* * * LOW HITPOINT WARNING * * *
You block the goblin's attack. Robin throws the goblin at you!
The goblin closely misses you.
Unknown command.
You closely miss the bat.
The goblin no longer looks unusually strong.
The bat hits you but does no damage. The bat closely misses you.
The goblin hits you with a +0 club.
* * * LOW HITPOINT WARNING * * *
The goblin hits you with a +0 dagger.
* * * LOW HITPOINT WARNING * * *
You block the goblin's attack. The goblin hits you but does no damage.
You block the goblin's attack.
Unknown command.
Unknown command.
You hit the bat.
You kill the bat!
The goblin hits you but does no damage. x2; The goblin closely misses you.
The goblin hits you but does no damage.
You barely miss the goblin. The goblin barely misses you.
The goblin hits you with a +0 club.
* * * LOW HITPOINT WARNING * * *
You block the hobgoblin's attack. The goblin hits you with a +0 club.
* * * LOW HITPOINT WARNING * * *
The goblin hits you with a +0 dagger.
You die...

############.#.# .#
.............#.##.##
######.........#../ #
#.#########..# # ##)##
####..####.. # #)..#
#....g...... # #...#
#.##g## # # #...#
#.##gg#.## #...#
#.#g@g...# # #...#
#.#g#g#..#
#####...#####........#
...........†.†..#....#
.......................
.....................##>
.####...#####..#.##.##
#..[# #......[# #...#
#.......#


You could see Robin, a hobgoblin (strong) and 6 goblins.

Vanquished Creatures
  Sigmund (D:2)
  An adder (D:2)
  A worm (D:2)
  A dart slug (D:1)
  2 ball pythons (D:2)
  7 bats
  3 giant cockroaches
  A hobgoblin (D:1)
  A quokka (D:2)
  A frilled lizard (D:1)
  5 goblins
  4 kobolds (D:1)
  5 rats
33 creatures vanquished.

Notes
Turn   | Place    | Note
-------+----------+-------------------------------------------
     0 | D:1      | Nedwor the Merfolk Fighter began the quest for the Orb.
     0 | D:1      | Reached XP level 1. HP: 18/18 MP: 1/1
   193 | D:1      | Reached XP level 2. HP: 24/24 MP: 2/2
   802 | D:1      | Reached skill level 3 in Short Blades
   864 | D:2      | Noticed Sigmund
   880 | D:2      | HP: 1/25 [Sigmund/magic dart (5)]
   882 | D:2      | Killed Sigmund
   883 | D:2      | Reached skill level 5 in Short Blades
   883 | D:2      | Reached skill level 1 in Dodging
   883 | D:2      | Reached skill level 1 in Stealth
   883 | D:2      | Reached XP level 3. HP: 1/31 MP: 3/3
   883 | D:2      | Reached XP level 4. HP: 2/38 MP: 4/4
   883 | D:2      | Reached XP level 5. HP: 2/43 MP: 5/5
  1359 | D:2      | Found a faded altar of an unknown god.
  1488 | D:2      | Noticed Robin
  1504 | D:2      | HP: 2/43 [goblin/+0 club[Robin] (1)]
  1504 | D:2      | Slain by a goblin

Illustrated notes

Levels and vault maps discovered:
D:1:      moated_graveyard_arrival, layout_basic, serial_bayou_pond_e
D:2:      layout_loops_cross, shapermc_ecumenical_altar_mp_urbaneastern,
          uniq_crazy_yiuf_cottage, uniq_sigmund, uniq_robin

Skill      XL: |  1  2 |
---------------+-------+-----
Short Blades   | 5 |  5.7
Fighting       | 4 |  4.5
Dodging        | 1 |  1.1
Stealth        | 1 |  1.0
Armour         | |  2.1
Shields        | |  3.0

Action                   |  1- 3 |  4- 6 || total
-------------------------+-------+-------++-------
Melee: Rapier            |    69 |    57 ||   126
Armor: Scale mail        |    30 |    37 ||    67
Dodge: Dodged            |    26 |    29 ||    55
Block: Buckler           |    17 |    18 ||    35

Table legend: (Time is in decaauts)
 A = Elapsed time spent in this place.
 B = Non-inter-level travel time spent in this place.
 C = Inter-level travel time spent in this place.
 D = Time resting spent in this place.
 E = Time spent auto-exploring this place.
 F = Levels seen in this place.
 G = Mean time per level.
                   A        B        C        D        E       F      G
               +--------+--------+--------+--------+--------+-----+--------+
         Total |   1506 |   1486 |     20 |    289 |    936 |   2 |  753.0 |
       Dungeon |   1506 |   1486 |     20 |    289 |    936 |   2 |  753.0 |
               +--------+--------+--------+--------+--------+-----+--------+

Top non-repeatable levels by time:
     D:1: 856 daAuts
     D:2: 650 daAuts
